 Dungeon Crawl Stone Soup version 0.18.1-48-g4cf74bf (webtiles) character file.

231 Wotyn the Skirmisher (level 6, -1/38 HPs)
             Began as a Gargoyle Fighter on July 31, 2016.
             Was an Initiate of Cheibriados.
             Slain by a killer bee (4 damage)
             ... on level 4 of the Dungeon.
             The game lasted 00:14:22 (2548 turns).

Wotyn the Skirmisher (Gargoyle Fighter)             Turns: 2548, Time: 00:14:24

Health: -1/38      AC: 11    Str: 21    XL:     6   Next: 4%
Magic:  8/9        EV:  7    Int:  9    God:    Cheibriados [......]
Gold:   166        SH:  9    Dex: 12    Spells: 0 memorised, 9 levels left

rFire  + . .     SeeInvis .     a - +0 flail
rCold  . . .     Gourm    .     b - +0 scale mail
rNeg   + . .     Faith    .     c - +0 shield
rPois  ∞         Spirit   .     (no helmet)
rElec  +         Dismiss  +     (no cloak)
rCorr  .         Reflect  .     (no gloves)
SustAt .         Harm     .     (no boots)
MR     .....                    d - amulet of dismissal
Stlth  ..........               (no ring)
                                (no ring)

@: very slow, not resistant to hostile enchantments, extremely unstealthy
A: fire resistance 1, negative energy resistance 1, electricity resistance,
unbreathing, petrification resistance, rot immunity, AC +4
a: Bend Time, Renounce Religion


You were on level 4 of the Dungeon.
You worshipped Cheibriados.
Cheibriados was noncommittal.
You were not hungry.

You visited 1 branch of the dungeon, and saw 4 of its levels.

You collected 166 gold pieces.

Inventory:

Hand Weapons
 a - a +0 flail (weapon)
 l - a +0 hunting sling
Missiles
 n - 33 stones (quivered)
Armour
 b - a +0 scale mail (worn)
 c - a +0 shield (worn)
Jewellery
 d - an amulet of dismissal (around neck)
Scrolls
 e - a scroll of teleportation
 g - 3 scrolls of recharging
 h - a scroll of remove curse
 i - 2 scrolls of identify
 m - a scroll of fog
 o - a scroll of fear
Comestibles
 f - 2 bread rations
 j - 3 meat rations
 k - a royal jelly


   Skills:
 + Level 4.2 Fighting
 * Level 3.6 Maces & Flails
 * Level 1.1 Slings
 + Level 4.0 Armour
 - Level 1.0 Dodging
 + Level 0.5 Stealth
 - Level 3.2 Shields
 * Level 2.0 Spellcasting


You had 9 spell levels left.
You didn't know any spells.

Dungeon Overview and Level Annotations

Branches:
Dungeon (4/15)
 Temple: D:4-7

Altars:
Cheibriados


Innate Abilities, Weirdness & Mutations

You are resistant to torment.
Your stone body is resilient (AC +4).
You are immune to poison.
You resist negative energy.
You are resistant to electric shocks.
You can survive without breathing.
You are immune to petrification.
You are immune to rotting.
Your flesh is heat resistant.


Message History

You closely miss the killer bee.
The killer bee is moderately wounded.
The killer bee stings you but does no damage.
You block the killer bee's attack. The killer bee completely misses you.
You barely miss the killer bee.
The killer bee is moderately wounded.
You block the killer bee's attack. The killer bee barely misses you.
You closely miss the killer bee.
The killer bee is moderately wounded.
The killer bee stings you.
* * * LOW HITPOINT WARNING * * *
The killer bee stings you but does no damage. x2
You aren't carrying any potions.
You barely miss the killer bee.
The killer bee is moderately wounded.
The killer bee stings you.
* * * LOW HITPOINT WARNING * * *
The killer bee stings you but does no damage.
The killer bee stings you.
You die...

#######.# ### #.......#
#.. #@# #.# #y# #.# #y#
### #.# #.#
..######.#######.######
......)).............>#
..#.#######.####.##.#.#
###.# ##.##.....#.# #
#.# #.##.######


You could see 2 killer bees.

Vanquished Creatures
  A killer bee (D:4)
  2 orc wizards (D:4)
  Jessica (D:2)
  3 adders
  An ooze (D:2)
  2 worms
  3 dart slugs
  A giant gecko (D:3)
  An orc (D:4)
  7 bats
  2 giant cockroaches (D:2)
  12 goblins
  3 hobgoblins
  6 jackals
  3 ball pythons
  A giant newt (D:1)
  5 kobolds
  A quokka skeleton (D:4)
  10 rats
65 creatures vanquished.

Notes
Turn   | Place    | Note
--------------------------------------------------------------
     0 | D:1      | Wotyn the Gargoyle Fighter began the quest for the Orb.
     0 | D:1      | Reached XP level 1. HP: 14/14 MP: 1/1
    85 | D:1      | Reached XP level 2. HP: 19/19 MP: 2/2
   373 | D:1      | Reached XP level 3. HP: 23/24 MP: 4/4
   681 | D:2      | Reached skill level 1 in Spellcasting
   969 | D:2      | Reached XP level 4. HP: 25/29 MP: 4/6
  1248 | D:2      | Noticed Jessica
  1251 | D:2      | Killed Jessica
  1466 | D:2      | Found a snail-covered altar of Cheibriados.
  1485 | D:2      | Gained mutation: You have supernaturally acute eyesight. [potion of mutation]
  1485 | D:2      | Gained mutation: You are clumsy. (Dex -2) [potion of mutation]
  1485 | D:2      | Gained mutation: Your flesh is heat resistant. [potion of mutation]
  1487 | D:2      | Lost mutation: You have supernaturally acute eyesight. [potion of cure mutation]
  1487 | D:2      | Lost mutation: You are clumsy. (Dex -2) [potion of cure mutation]
  1547 | D:2      | Became a worshipper of Cheibriados the Contemplative
  1758 | D:3      | Reached XP level 5. HP: 32/33 MP: 7/7
  1849 | D:3      | Reached skill level 1 in Dodging
  2541 | D:4      | Reached skill level 1 in Slings
  2541 | D:4      | Reached XP level 6. HP: 18/38 MP: 7/9
  2548 | D:4      | Slain by a killer bee

Skill      XL: |  1  2  3  4  5 |
---------------+----------------+-----
Spellcasting   | 1 2 |  2.0
Maces & Flails | 3 |  3.6
Armour         | 4 |  4.0
Fighting       | 4 |  4.2
Dodging        | 1 |  1.0
Slings         | 1 |  1.1
Stealth        | |  0.5
Shields        | |  3.2

Action                   |  1- 3 |  4- 6 || total
-------------------------+-------+-------++-------
Melee: Flail             |   123 |   131 ||   254
 Fire: Hunting sling     |       |    36 ||    36
  Use: Potion            |       |     6 ||     6
       Scroll            |       |     9 ||     9
  Eat: Chunk             |       |     2 ||     2
       Bread ration      |       |     1 ||     1
Armor: Scale mail        |    65 |    94 ||   159
Dodge: Dodged            |    38 |    50 ||    88
Block: Shield            |    56 |    59 ||   115
